 Dungeon Crawl Stone Soup version 0.17-a0-1719-g1afd5a1 (console) character file.

90 Illiel the Shooter (level 4, -2/30 HPs)
             Began as a High Elf Hunter on Aug 27, 2015.
             Slain by Natasha (6 damage)
             ... on level 3 of the Dungeon.
             The game lasted 00:07:48 (1968 turns).

Illiel the Shooter (High Elf Hunter)                Turns: 1968, Time: 00:07:48

Health: -2/30      AC:  5    Str: 11    XL:     4   Next: 32%
Magic:  5/5        EV: 13    Int: 14    God:
Gold:   112        SH:  0    Dex: 17    Spells: 0 memorised, 3 levels left

rFire  + . .     SeeInvis .     a - +1 shortbow
rCold  . . .     Clarity  +     d - +0 leather armour
rNeg   . . .     SustAt   .     (no shield)
rPois  .         Gourm    .     (no helmet)
rElec  .         Spirit   .     (no cloak)
rCorr  .         Warding  .     (no gloves)
rMut   .         Stasis   .     o - +1 pair of boots
MR     .....                    n - amulet of clarity
Stlth  ++........               (no ring)
                                j - ring of protection from fire

@: slowed, very slow, not resistant to hostile enchantments, unstealthy
A: no striking features
a: no special abilities


You were on level 3 of the Dungeon.
You were hungry.

You visited 1 branch of the dungeon, and saw 3 of its levels.

You collected 112 gold pieces.

Inventory:

Hand weapons
 a - a +1 shortbow (weapon)
 c - a +0 short sword
Missiles
 h - 12 arrows (quivered)
Armour
 d - a +0 leather armour (worn)
 o - a +1 pair of boots (worn)
Jewellery
 j - a ring of protection from fire (left hand)
 l - an uncursed ring of fire
 n - an amulet of clarity (around neck)
Scrolls
 g - 3 scrolls of recharging
 k - a scroll of enchant armour
 m - a scroll of immolation
Potions
 f - 3 potions of magic
Books
 b - a book of Flames

   Spells                             Type                      Level
   a - Flame Tongue                   Conjuration/Fire             1
   b - Throw Flame                    Conjuration/Fire             2
   c - Conjure Flame                  Conjuration/Fire             3
   d - Inner Flame                    Hexes/Fire                   3
   e - Sticky Flame                   Conjuration/Fire             4
   f - Fireball                       Conjuration/Fire             5
Comestibles
 e - 4 bread rations
 p - a slice of pizza


   Skills:
 + Level 2.6 Fighting
 * Level 6.3 Bows
 + Level 2.9 Dodging
 + Level 2.7 Stealth


You had 3 spell levels left.
You didn't know any spells.

Dungeon Overview and Level Annotations

Branches:
Dungeon (3/15)

Altars:

Annotations:
D:3 Natasha


Message History

Press: ? - help, Shift-Dir - straight line, f/p - Natasha
Aim: Natasha (purple smoke, moderately wounded, inner flame)
You shoot an arrow. The arrow hits Natasha.
Natasha is severely wounded.
Natasha claws you.
* * * LOW HITPOINT WARNING * * *
Natasha closely misses you.
Firing (i - inventory):
h - 14 arrows (quivered)
Press: ? - help, Shift-Dir - straight line, f/p - Natasha
Aim: Natasha (purple smoke, severely wounded, inner flame)
You shoot an arrow. The arrow barely misses Natasha.
Natasha mumbles some strange words.
Natasha shimmers violently.
Natasha closely misses you.
Firing (i - inventory):
h - 13 arrows (quivered)
Press: ? - help, Shift-Dir - straight line, f/p - Natasha
Aim: Natasha (purple smoke, severely wounded, inner flame)
You shoot an arrow. The arrow barely misses Natasha.
Natasha claws you but does no damage. Natasha claws you.
You die...

▒▒▒▒▒▒∙∙▒∙∙∙▒
▒∙∙∙∙∙∙∙∙∙ ▒∙▒∙∙▒▒▒∙∙
▒▒▒∙∙∙∙∙∙∙▒)
▒∙∙∙∙▒▒▒▒∙∙▒ ▒▒▒▒▒▒▒
▒∙∙∙▒▒ ▒▒∙▒ ▒∙∙∙∙>▒
▒▒▒▒∙▒▒▒▒▒▒▒▒∙▒ ▒∙∙∙∙∙▒
▒∙∙∙∙∙∙∙∙∙∙∙∙∙▒
▒∙∙∙∙∙▒▒▒∙∙▒∙▒▒▒▒▒▒▒▒∙∙
▒∙∙∙∙∙∙∙∙∙∙∙∙▒ ▒▒∙
∙∙▒∙∙∙∙∙∙∙∙∙∙∙∙▒ ∙
∙∙∙∙∙∙∙∙▒▒▒▒▒∙∙▒


∙∙∙∙∙∙∙∙∙∙∙∙∙∙∙∙∙∙ ∙∙▒∙∙∙∙∙∙)∙∙∙∙▒▒∙∙∙ ∙ ▒▒▒▒▒####∙∙∙∙▒∙∙∙ ▒####∙∙∙∙▒ ∙∙
▒h@#∙∙∙∙▒▒ ▒▒▒ ∙∙∙∙∙##▒▒▒▒▒▒▒ ∙▒▒▒▒▒▒▒ You could see Natasha (inner flame).

Vanquished Creatures
  Natasha (D:3)
  3 adders
  3 giant geckos
  6 bats
  3 giant cockroaches
  3 goblins (D:2)
  5 hobgoblins
  2 jackals (D:1)
  5 kobolds
  6 rats
37 creatures vanquished.

Notes
Turn   | Place    | Note
--------------------------------------------------------------
     0 | D:1      | Illiel the High Elf Hunter began the quest for the Orb.
     0 | D:1      | Reached XP level 1. HP: 14/14 MP: 2/2
   293 | D:1      | Reached XP level 2. HP: 16/19 MP: 3/3
  1091 | D:2      | Reached XP level 3. HP: 23/25 MP: 4/4
  1119 | D:2      | Reached skill level 6 in Bows
  1635 | D:3      | Noticed Natasha
  1644 | D:3      | HP: 1/25 [Natasha/magic dart (6)]
  1650 | D:3      | Killed Natasha
  1650 | D:3      | Reached XP level 4. HP: 2/30 MP: 5/5
  1727 | D:3      | Noticed a phantom
  1809 | D:3      | Noticed Natasha
  1968 | D:3      | Slain by Natasha

Vault maps used:
D:1:      minmay_arrival_widening_spiral_wide
D:2:      wad_pebble_path, first_bread
D:3:      uniq_natasha, uniq_iyjb

Action                   |  1- 3 |  4- 6 || total
-------------------------+-------+-------++-------
Melee: Unarmed           |     4 |       ||     4
 Fire: Shortbow          |   102 |     9 ||   111
  Use: Potion            |     1 |       ||     1
       Scroll            |       |     6 ||     6
  Eat: Beef jerky        |       |     1 ||     1
       Chunk             |       |     1 ||     1
